 Dungeon Crawl Stone Soup version 0.30-a0-883-g5ad918d77d (webtiles) character file.

Game seed: 14832121472105228343

2034 112233 the Thaumaturge (level 9, -9/57 HPs)
             Began as a Demonspawn Conjurer on Mar 15, 2023.
             Was a Follower of Sif Muna.
             Killed from afar by an electric eel (12 damage)
             ... with a bolt of electricity
             ... on level 7 of the Dungeon.
             The game lasted 00:09:13 (7698 turns).

112233 the Thaumaturge (Demonspawn Conjurer)        Turns: 7698, Time: 00:09:13

Health: -9/57      AC:  3    Str:  8    XL:     9   Next: 3%
Magic:  22/22      EV: 15    Int: 23    God:    Sif Muna [*.....]
Gold:   325        SH:  0    Dex: 12    Spells: 15/26 levels left

rFire   . . .      SeeInvis +    v - +1 sling (flame)
rCold   . . .      Faith    .    (no shield)
rNeg    . . .      Spirit   .    a - +0 robe
rPois   .          Reflect  .    (helmet restricted)
rElec   .          Rampage  .    (no cloak)
rCorr   .                        h - +0 pair of gloves
Will    .....                    (no boots)
Stlth   ++                       x - amulet of magic regeneration
HPRegen 0.29/turn                t - ring of see invisible
MPRegen 0.76/turn                (no ring)

@: no status effects
A: horns 2, repulsion field 2, magic regeneration, demonic magic 1
a: Renounce Religion, Channel Magic


You were on level 7 of the Dungeon.
You worshipped Sif Muna.
Sif Muna was aware of your devotion.
You visited 1 branch of the dungeon, and saw 7 of its levels.

You collected 325 gold pieces.

Inventory:

Hand Weapons
 f - a +0 longbow
 v - a +1 sling of flaming (weapon)
 D - a +2 dagger of draining
Armour
 a - a +0 robe (worn)
 h - a +0 pair of gloves (worn)
 k - a +0 buckler
Magical Staves
 d - a staff of poison
Jewellery
 g - a ring of fire
 t - a ring of see invisible (left hand)
 x - an amulet of magic regeneration (around neck)
 y - a +4 ring of protection
 F - a ring of protection from cold
Wands
 z - a wand of light (10)
 H - a wand of iceblast (14)
Scrolls
 c - 2 scrolls of fog {unknown}
 e - 5 scrolls of identify {unknown}
 i - 6 scrolls of enchant armour {unknown}
 l - a scroll of poison {unknown}
 n - a scroll of amnesia {unknown}
 o - 5 scrolls of teleportation {unknown}
 q - 2 scrolls of brand weapon {unknown}
 u - 2 scrolls of enchant weapon {unknown}
 A - 5 scrolls of blinking {unknown}
 B - 2 scrolls of immolation {unknown}
 C - a scroll of silence {unknown}
 E - a scroll of fear {unknown}
 G - 2 scrolls of acquirement {unknown}
Potions
 b - a potion of ambrosia {unknown}
 j - a potion of heal wounds {unknown}
 m - 2 potions of might
 p - 2 potions of magic
 r - 2 potions of curing
 s - a potion of resistance {unknown}
 w - a potion of attraction {unknown}
 I - a potion of haste


   Skills:
 - Level 2.0 Dodging
 - Level 2.0 Stealth
 * Level 9.1 Spellcasting
 + Level 7.8 Conjurations


You had 15 spell levels left.
You knew the following spells:

 Your Spells              Type           Power      Damage    Failure   Level
a - Magic Dart            Conj           100%       1d8       1%          1
b - Searing Ray           Conj           92%        2d7       1%          2
c - Fulminant Prism       Conj/Hex       14%        3d9       12%         4
d - Iskenderun's Mystic   Conj/Tloc      28%        2d7       12%         4

Your spell library contained the following spells:

 Spells                   Type           Power      Damage    Failure   Level
 Dazzling Flash           Conj/Hex       56%        N/A       3%          3
 Ensorcelled Hibernation  Hex/Ice        20%        N/A       10%         2
 Passwall                 Tmut/Erth      8%         N/A       10%         2
 Portal Projectile        Hex/Tloc       20%        N/A       19%         3
 Summon Guardian Golem    Hex/Summ       10%        N/A       19%         3
 Swiftness                Air            10%        N/A       19%         3
 Tukima's Dance           Hex            10%        N/A       19%         3
 Blade Hands              Tmut           5%         N/A       86%         5
 Orb of Destruction       Conj           23%        9d8       91%         7
 Spellforged Servitor     Conj/Summ      14%        N/A       100%        7


Dungeon Overview and Level Annotations

Branches:
Dungeon (7/15)             Temple (0/1) D:4

Altars:
Cheibriados
Dithmenos
Hepliaklqana
Makhleb
Nemelex Xobeh
Sif Muna
Uskayaw

Shops:
D:3 (

Portals:
Abyss: D:7

Annotations:
D:7 4 transporters, MewIchigo's ghost, novice MiFi; Pikel


Innate Abilities, Weirdness & Mutations

You have a pair of horns on your head.
You are surrounded by a moderate repulsion field. (EV +3)
You regenerate magic rapidly.
Spells you cast may paralyse adjacent enemies.


Message History

Confirm with . or Enter, or press ? or * to list all spells.
Aiming: Magic Dart (safe; 1% risk of failure)
Press: ? - help, Shift-Dir - straight line, f/p - electric eel
Aim: an electric eel (water, moderately wounded, 100% to hit)
The magic dart hits the electric eel.
The electric eel is moderately wounded.
Malevolent energies surge around you.
The electric eel shoots out a bolt of lightning at you!
The bolt of electricity hits you!
Unknown command.
You shoot a sling bullet. The sling bullet hits the electric eel.
The sling bullet burns the electric eel.
The electric eel is heavily wounded.
The electric eel shoots out a bolt of lightning at you!
The bolt of electricity hits you!
Unknown command.
You shoot a sling bullet.
The sling bullet barely misses the electric eel.
The electric eel shoots out a bolt of lightning at you!
The bolt of electricity misses you. The bolt of electricity hits you!
Unknown command.
Casting: Magic Dart (safe; 1% risk of failure)
Confirm with . or Enter, or press ? or * to list all spells.
You can't see any susceptible monsters within range! (Use Z to cast anyway.) Unknown command.
Unknown command.
You feel better.
The electric eel shoots out a bolt of lightning at you!
The bolt of electricity hits you! x2
* * * LOW HITPOINT WARNING * * *
Unknown command.
Aiming: Bolt of Light
Press: ? - help, Shift-Dir - straight line, f/p - electric eel
Aim: an electric eel (water, heavily wounded, 53% to hit)
The bolt of light misses the electric eel.
The electric eel shoots out a bolt of lightning at you!
The bolt of electricity hits you!
* * * LOW HITPOINT WARNING * * *
The bolt of electricity hits you!
You die...

##≈ #≈.# #≈# # #≈..
#≈# #≈## .S# #≈##
#≈# #≈## #≈# #≈## #
#≈## ##≈.# #.#≈≈##
##≈≈.. #..@≈≈##
##≈≈###
####.≈≈#######≈≈####
#.#≈≈≈≈≈≈≈≈≈.....
#.####.##.#.#####
#...........#
#############


You could see an electric eel.

Vanquished Creatures
  Maggie (D:7)
  A water moccasin (D:7)
  An ice beast (D:6)
  An orc warrior (D:7)
  A black bear (D:5)
  2 ogres
  A phantom (D:6)
  A lemure (D:7)
  A bullfrog (D:6)
  A scorpion (D:6)
  4 wights (D:7)
  3 hounds
  A jelly (D:6)
  A gnoll bouda (D:6)
  6 orc priests
  3 iguanas
  A sleepcap (D:7)
  3 orc wizards (D:6)
  7 adders
  7 gnolls
  A shadow imp (D:7)
  A white imp (D:6)
  2 worms
  6 dart slugs
  31 orcs
  5 ball pythons
  7 endoplasms
  4 giant cockroaches
  14 goblins
  13 hobgoblins
  5 jackals
  6 bats
  5 frilled lizards
  9 kobolds
  7 rats
163 creatures vanquished.

Notes
Turn   | Place    | Note
-------+----------+-------------------------------------------
     0 | D:1      | 112233 the Demonspawn Conjurer began the quest for the Orb.
     0 | D:1      | Reached XP level 1. HP: 13/13 MP: 3/3
   311 | D:1      | Gained mutation: You have a pair of small horns on your
                  | head. [demonic ancestry]
   311 | D:1      | Reached XP level 2. HP: 10/19 MP: 0/5
   463 | D:1      | Learned a level 2 spell: Searing Ray
  1206 | D:1      | Gained mutation: You are surrounded by a mild repulsion
                  | field. (EV +2) [demonic ancestry]
  1206 | D:1      | Reached XP level 3. HP: 24/24 MP: 4/7
  1424 | D:2      | Reached skill level 3 in Spellcasting
  1717 | D:2      | Gained mutation: Spells you cast may paralyse adjacent
                  | enemies. [demonic ancestry]
  1717 | D:2      | Reached XP level 4. HP: 30/30 MP: 2/9
  3018 | D:3      | Found a shadowy altar of Dithmenos.
  3114 | D:3      | Reached skill level 4 in Spellcasting
  3249 | D:3      | Gained mutation: You are surrounded by a moderate repulsion
                  | field. (EV +3) [demonic ancestry]
  3249 | D:3      | Reached XP level 5. HP: 35/35 MP: 9/11
  3287 | D:3      | Found Ybbiq's Antique Weapon Emporium.
  3618 | D:4      | You fall into a shaft and drop 2 floors!
  3639 | D:6      | Learned a level 4 spell: Fulminant Prism
  3670 | D:6      | Reached skill level 5 in Conjurations
  3679 | D:6      | Gained mutation: You have a pair of horns on your head.
                  | [demonic ancestry]
  3679 | D:6      | Reached XP level 6. HP: 41/41 MP: 3/13
  3704 | D:6      | Noticed an ice beast
  3718 | D:6      | Killed an ice beast
  3719 | D:6      | Reached skill level 5 in Spellcasting
  3764 | D:6      | Found a hide-covered altar of Uskayaw.
  3987 | D:6      | Gained mutation: You regenerate magic rapidly. [demonic
                  | ancestry]
  3987 | D:6      | Reached XP level 7. HP: 34/46 MP: 9/15
  4053 | D:6      | Found a shimmering blue altar of Sif Muna.
  4156 | D:6      | Reached skill level 6 in Spellcasting
  4186 | D:6      | Became a worshipper of Sif Muna the Loreminder
  4296 | D:6      | Learned a level 4 spell: Iskenderun's Mystic Blast
  4998 | D:5      | Entered Level 5 of the Dungeon
  5019 | D:5      | Reached skill level 7 in Spellcasting
  5208 | D:5      | Reached XP level 8. HP: 25/52 MP: 4/19
  5354 | D:5      | Found a burning altar of Makhleb.
  5874 | D:4      | Found a staircase to the Ecumenical Temple.
  5933 | D:4      | Reached * piety under Sif Muna
  6354 | D:4      | Found a hazy altar of Hepliaklqana.
  6487 | D:4      | Found a sparkling altar of Nemelex Xobeh.
  6488 | D:4      | Found a snail-covered altar of Cheibriados.
  6983 | D:7      | Found a one-way gate to the infinite horrors of the Abyss.
  6983 | D:7      | Noticed MewIchigo's ghost (novice MiFi)
  6990 | D:7      | Noticed a hellwing
  6993 | D:7      | Found a transporter.
  7020 | D:7      | Noticed Maggie
  7032 | D:7      | Killed Maggie
  7033 | D:7      | Reached skill level 8 in Spellcasting
  7164 | D:7      | Found a transporter.
  7208 | D:7      | Found a transporter.
  7327 | D:7      | Reached skill level 9 in Spellcasting
  7442 | D:7      | Found a transporter.
  7464 | D:7      | Reached XP level 9. HP: 46/57 MP: 17/22
  7519 | D:7      | Noticed Pikel
  7698 | D:7      | Killed from afar by an electric eel

Illustrated notes

Levels and vault maps discovered:
D:1:      wander_arrival_desolate, layout_basic
D:2:      kennysheep_six_static_rooms, layout_basic, kennysheep_generic_room_14,
          uniq_crazy_yiuf_cottage
D:3:      minmay_evil_eye, layout_loops_ring,
          mainiacjoe_overflow_six_doors_small, serial_shops, shop
D:4:      layout_cave_pools, nicolae_hepliaklqana_hippocampus, minitemple,
          minmay_temple_entry_junction_2, serial_co_window_serial,
          co_window_paths_a, co_window_of_opportunity_a,
          co_window_of_opportunity_a, co_window_corner_a, co_window_paths_b,
          co_window_paths_c, co_window_corner_cb, co_window_2corner,
          co_window_paths_c, co_window_paths_c, glass_columns_b,
          glass_columns_b, glass_columns_a, glass_columns_c
D:5:      layout_loops_ring, lemuel_doored_altar, grunt_decor_cap, sigmund_army
D:6:      layout_basic, kennysheep_mini, mainiacjoe_overflow_alcove_2,
          nicolae_uskayaw_dance_hall
D:7:      gammafunk_steamed_eel, layout_loops_cross,
          gammafunk_ghost_abyssal_escape, water_maze_lemuel, uniq_maggie,
          uniq_joseph, uniq_pikel

Skill      XL: |  1  2  3  4  5  6  7  8 |
---------------+-------------------------+-----
Dodging        | 2 |  2.0
Stealth        | 2 |  2.0
Spellcasting   | 3 4 5 7 9 |  9.1
Conjurations   | 5 6 7 |  7.8

Action                     |  1- 3 |  4- 6 |  7- 9 || total
---------------------------+-------+-------+-------++-------
  Melee: Staff             |     2 |       |       ||     2
         Sling             |       |       |     1 ||     1
   Fire: Longbow           |    48 |    32 |       ||    80
         Sling             |       |    45 |    55 ||   100
   Cast: Magic Dart        |    41 |    11 |    26 ||    78
         Searing Ray       |     8 |    26 |    67 ||   101
         Iskenderun's Myst |       |       |     3 ||     3
  Evoke: Wand              |       |       |     2 ||     2
    Use: Potion            |     1 |     2 |     2 ||     5
 Armour: Robe              |    15 |    11 |     4 ||    30
  Dodge: Dodged            |    41 |    22 |    61 ||   124

Table legend: (Time is in decaauts)
 A = Elapsed time spent in this place.
 B = Non-inter-level travel time spent in this place.
 C = Inter-level travel time spent in this place.
 D = Time resting spent in this place.
 E = Time spent auto-exploring this place.
 F = Levels seen in this place.
 G = Mean time per level.
                   A        B        C        D        E       F      G
               +--------+--------+--------+--------+--------+-----+--------+
         Total |   7785 |   7275 |    510 |    533 |   5737 |   7 | 1112.1 |
       Dungeon |   7785 |   7275 |    510 |    533 |   5737 |   7 | 1112.1 |
               +--------+--------+--------+--------+--------+-----+--------+

Top non-repeatable levels by time:
     D:6: 1520 daAuts
     D:1: 1348 daAuts
     D:3: 1196 daAuts
     D:2: 1144 daAuts
     D:5: 988 daAuts
     D:4: 826 daAuts
     D:7: 759 daAuts
